 Seeded DCSS version 0.27.1-34-g3ba077fa99 (webtiles) character file.

Game seed: 20220216 (custom seed)

2968 djehuti the Fighter (level 9, -4/59 HPs)
             Began as a Gargoyle Fighter on Feb 16, 2022.
             Was a Follower of Trog.
             Slain by a boulder beetle (8 damage)
             ... on level 8 of the Dungeon.
             The game lasted 00:17:41 (9908 turns).

djehuti the Fighter (Gargoyle Fighter)              Turns: 9908, Time: 00:17:42

Health: -4/59      AC: 15    Str: 22    XL:     9   Next: 82%
Magic:  0/9        EV: 10    Int: 16    God:    Trog [*.....]
Gold:   301        SH: 11    Dex:  9    Spells: 8/8 levels left

rFire    . . .     SeeInvis .   b - +2 whip (venom)
rCold    + . .     Faith    .   c - +0 kite shield
rNeg     + . .     Spirit   +   E - +0 steam dragon scales
rPois    ∞         Reflect  .   e - +0 helmet
rElec    +         Harm     .   (no cloak)
rCorr    .         Rampage  .   f - +0 pair of gloves
Will     .....                  (no boots)
Stlth    +.........             o - amulet of guardian spirit
HPRegen  0.19/turn              v - +6 ring of intelligence
MPRegen  0.11/turn              y - ring of protection from cold

@: weak-willed
A: sickness immunity, AC +6, negative energy resistance 1, electricity
resistance, torment resistance 1, petrification resistance
a: Renounce Religion, Berserk


You were on level 8 of the Dungeon.
You worshipped Trog.
Trog was aware of your devotion.
You visited 2 branches of the dungeon, and saw 9 of its levels.

You collected 341 gold pieces.
You spent 40 gold pieces at shops.

Inventory:

Hand Weapons
 a - a +0 flail
 b - a +2 whip of venom (weapon)
Missiles
 q - 6 atropa-tipped darts (quivered)
Armour
 c - a +0 kite shield (worn)
 e - a +0 helmet (worn)
 f - a +0 pair of gloves (worn)
 E - +0 steam dragon scales (worn)
Jewellery
 o - an amulet of guardian spirit (around neck)
 v - a +6 ring of intelligence (left hand)
 y - a ring of protection from cold (right hand)
 H - an amulet of the acrobat
Wands
 j - a wand of mindburst (3)
Scrolls
 h - 9 scrolls of identify
 k - 3 scrolls of noise
 r - a scroll of vulnerability
 s - a scroll of silence {unknown}
 u - 2 scrolls of immolation {unknown}
 w - a scroll of acquirement {unknown}
 x - 2 scrolls of fear {unknown}
 F - a scroll of enchant weapon {unknown}
 G - a scroll of torment {unknown}
Potions
 d - a potion of might
 g - a potion of degeneration {unknown}
 t - a potion of resistance {unknown}
 z - 2 potions of curing {unknown}
 A - a potion of invisibility {unknown}
 B - a potion of berserk rage {unknown}
 C - a potion of brilliance
 D - 2 potions of heal wounds {unknown}


   Skills:
 + Level 8.0 Fighting
 + Level 4.8 Short Blades
 - Level 4.0 Maces & Flails
 + Level 8.0 Armour
 + Level 8.0 Shields


You had 8 spell levels left.
You didn't know any spells.
Your spell library contained the following spells:

 Spells                   Type           Power      Damage    Failure   Level
 Freeze                   Ice            0%         1d3       52%         1
 Passwall                 Tmut/Erth      0%         N/A       67%         2
 Frozen Ramparts          Ice            0%         1d2       88%         3
 Swiftness                Air            0%         N/A       88%         3
 Hailstorm                Conj/Ice       0%         3d3       99%         4
 Invisibility             Hex            0%         N/A       100%        6


Dungeon Overview and Level Annotations

Branches:
Dungeon (8/15)             Temple (1/1) D:6
   Lair: D:8-11

Altars:
Ashenzari
Dithmenos
Elyvilon
Gozag
Kikubaaqudgha
Makhleb
Okawaru
Qazlal
Ru
Sif Muna
Trog
Uskayaw
Wu Jian
Xom
Yredelemnul
Zin
The Shining One

Shops:
D:4 ?

Annotations:
D:7 2 transporters, exclusion: downstairs, Fractals's ghost, novice KoBe


Innate Abilities, Weirdness & Mutations

You are immune to sickness and miasma.
Your stone body is resilient. (AC +6)
You are immune to poison.
You resist negative energy. (rN+)
You are resistant to electric shocks. (rElec)
You are resistant to unholy torment.
You are immune to petrification.


Message History

The jelly is lightly wounded.
The jelly closely misses you.
You hit the jelly.
Your hands burn!
The jelly is moderately wounded.
You block the jelly's attack.
You hit the jelly.
The jelly is poisoned.
Your hands burn!
The jelly is heavily wounded.
You block the jelly's attack.
You hit the jelly.
You kill the jelly!
Trog accepts your kill.
There is an open door here.
You open the door.
A jelly comes into view.
You hit the jelly.
Your hands burn!
The jelly is moderately wounded.
You block the jelly's attack.
You hit the jelly.
The jelly is poisoned.
Your hands burn!
The jelly is heavily wounded.
You block the jelly's attack.
You whack the jelly!
You kill the jelly!
Trog accepts your kill.
You can now go berserk at will.
There is an open door here.
You open the door.
Which direction?
You close the door.
There is an open door here.
You close the door.
There is an open door here.
You close the door.
You open the door. You open the door.
There is an open door here.
Okay, then.
Okay, then.
Okay, then.
The boulder beetle curls into a ball and begins rolling!
There is a stone staircase leading up here.
You climb upwards.
Level annotation: 2 transporters, Fractals's ghost, novice KoBe
There is a stone staircase leading down here.
You see here 17 arrows.
Fractals's ghost takes a fighting stance.
There is a transporter here.
You see here a +0 hand axe.
You're in a travel-excluded area, stopping travel.
This transporter is marked as excluded!
Enter transporter anyway?
Okay, then.
You're in a travel-excluded area, stopping travel.
There is a stone staircase leading up here.
There is a stone staircase leading down here.
You climb downwards.
There is a stone staircase leading up here.
A boulder beetle is nearby!
Okay, then.
Throw: 7 darts (atropa)
Press: ? - help, Q - select action, (/) - cycle Shift-Dir - straight line, f - boulder beetle
Aim: a boulder beetle (89% to hit, chance to blind on hit: 3%)
You throw an atropa-tipped dart.
The atropa-tipped dart hits the boulder beetle.
The boulder beetle resists.
The boulder beetle curls into a ball and begins rolling!
You climb upwards.
Level annotation: 2 transporters, exclusion: downstairs, Fractals's ghost, novice KoBe
There is a stone staircase leading down here.
You climb downwards.
There is a stone staircase leading up here.
The boulder beetle misses you.
The boulder beetle stops rolling and uncurls.
You climb upwards.
Level annotation: 2 transporters, exclusion: downstairs, Fractals's ghost, novice KoBe
There is a stone staircase leading down here.
You climb downwards.
There is a stone staircase leading up here.
You hit the boulder beetle.
The boulder beetle is lightly wounded.
The boulder beetle bites you!!
You hit the boulder beetle but do no damage.
The boulder beetle is poisoned.
The boulder beetle bites you.
The boulder beetle curls into a ball and begins rolling!
The boulder beetle hits you!!
* * * LOW HITPOINT WARNING * * *
The boulder beetle stops rolling and uncurls.
The boulder beetle looks more healthy.
There is a stone staircase leading up here.
Okay, then.
Okay, then.
Okay, then.
As you read the scroll labelled MOCHUL SEUMYARCH, it crumbles to dust.
It is a scroll of amnesia.
You feel forgetful for a moment. The boulder beetle bites you!!
* * * LOW MAGIC WARNING * * *;
* * * LOW HITPOINT WARNING * * *
Unknown command.
As you read the scroll labelled RUTHRI MILLO, it crumbles to dust.
Magic quickly surges around you.
It was a scroll of vulnerability.
The boulder beetle bites you!
* * * LOW MAGIC WARNING * * *
You die...

#.#...#.##.##.###
##.#...#'##+##'#.##
#..##..#.......#..# **
#..##..#..._...#..## **,
#.##...##.....##.#.##
*,,
#.#.....#######.....#
*,,
..##....(.........#.##
*,,
..##..............##.##
*..
..##...........B@.##..##
*..
.####......<...<..###..#
*.. .# #.............#
#..## *.# .##
##............# ##..##
*.. #.## #......#######
##..######.. #..#
#.......# #...##...##
##.###.......##
##.........
###.##........##
##...#..8..
###............##
##..#.#..#..


You could see a boulder beetle (weak-willed).

Vanquished Creatures
  Maggie (D:7)
  3 wyverns
  3 yaks (D:6)
  A water moccasin (D:7)
  An ogre (D:5)
  2 sky beasts
  A black bear (D:5)
  A centaur (D:8)
  A gnoll sergeant (D:6)
  2 bullfrogs
  A wyvern zombie (D:8)
  A scorpion (D:5)
  A water moccasin zombie (D:7)
  A water moccasin skeleton (D:4)
  A howler monkey (D:8)
  A bullfrog zombie (D:5)
  3 hounds
  4 jellies
  3 orc priests
  A gnoll shaman (D:7)
  3 iguanas
  An orc wizard (D:4)
  A hound skeleton (D:5)
  11 gnolls
  10 adders
  A howler monkey skeleton (D:5)
  2 shadow imps
  2 white imps
  An adder skeleton (D:4)
  3 worms
  4 dart slugs
  23 orcs
  7 ball pythons
  7 bats
  8 endoplasms
  2 giant cockroaches
  15 goblins
  8 hobgoblins
  7 jackals
  10 kobolds
  4 quokkas
  7 frilled lizards
  5 rats
175 creatures vanquished.

Vanquished Creatures (others)
  A human (D:8)
  A fungus (D:8)
2 creatures vanquished.

Grand Total: 177 creatures vanquished

Notes
Turn   | Place    | Note
-------+----------+-------------------------------------------
     0 | D:1      | djehuti the Gargoyle Fighter began the quest for the Orb.
     0 | D:1      | Reached XP level 1. HP: 14/14 MP: 1/1
   182 | D:1      | Reached XP level 2. HP: 15/19 MP: 2/2
   786 | D:1      | Reached XP level 3. HP: 17/23 MP: 3/3
  1688 | D:2      | Reached XP level 4. HP: 26/29 MP: 4/4
  3228 | D:3      | Reached XP level 5. HP: 33/33 MP: 5/5
  4312 | D:4      | Reached XP level 6. HP: 26/39 MP: 6/6
  4758 | D:4      | Found Ochyr's Magic Scroll Shoppe.
  4844 | D:4      | Bought a scroll of identify for 20 gold pieces
  4844 | D:4      | Bought a scroll of identify for 20 gold pieces
  5667 | D:5      | Entered Level 5 of the Dungeon
  5727 | D:5      | Reached skill level 5 in Shields
  5794 | D:5      | Reached skill level 5 in Fighting
  5794 | D:5      | Reached skill level 5 in Armour
  5794 | D:5      | Reached XP level 7. HP: 44/44 MP: 7/7
  6064 | D:5      | Reached skill level 1 in Short Blades
  6942 | D:6      | Noticed a yak
  7062 | D:6      | Noticed a yak
  7062 | D:6      | Noticed a yak
  7093 | D:5      | Reached XP level 8. HP: 49/51 MP: 8/8
  7164 | D:6      | Found a staircase to the Ecumenical Temple.
  7189 | Temple   | Entered the Ecumenical Temple
  7298 | Temple   | Became a worshipper of Trog the Wrathful
  7527 | D:6      | Killed a yak
  7552 | D:6      | Killed a yak
  7567 | D:6      | Killed a yak
  7694 | D:7      | Noticed a wraith
  7695 | D:7      | Found a transporter.
  7695 | D:7      | Noticed Fractals's ghost (novice KoBe)
  8028 | D:7      | Noticed Maggie
  8062 | D:7      | Killed Maggie
  8063 | D:7      | Reached XP level 9. HP: 10/57 MP: 9/9
  8655 | D:7      | Found a transporter.
  8688 | D:7      | Found an iron altar of Okawaru.
  8849 | D:8      | Found a shimmering altar of Xom.
  8992 | D:8      | Found a white marble altar of Elyvilon.
  9077 | D:8      | Noticed a boulder beetle
  9687 | D:8      | Found an ancient bone altar of Kikubaaqudgha.
  9746 | D:8      | Found a white marble altar of Elyvilon.
  9787 | D:8      | Reached * piety under Trog
  9908 | D:8      | Slain by a boulder beetle

Illustrated notes

Levels and vault maps discovered:
D:1:      lightli_arrival_quake, layout_loops_cross, minivault_26,
          minmay_strange_pillars, minmay_octomino_c4
D:2:      layout_basic, chequers_jeans, minmay_unequal
D:3:      layout_loops_corners, grunt_decor_fettered
D:4:      layout_basic, serial_shops, shop_statue,
          chequers_serial_rivers_room_b, minmay_goblin_outpost
D:5:      layout_basic, chequers_decorated_corner, minmay_misc_feat_diagonals
D:6:      layout_rooms, minmay_temple_entry_ruins
D:7:      layout_rooms, mainiacjoe_overflow_alcove_1, gammafunk_ghost_mausoleum,
          minmay_misc_feat_more_columns, chequers_serial_rivers_micro_c,
          uniq_maggie
D:8:      layout_cave_pods, dk_xom_monty_hall,
          mainiacjoe_overflow_small_starburst, tgw_kikubaaqudgha, serial_park,
          serial_park_tiny_2, serial_park_tiny_1, serial_park_tiny_pond,
          serial_park_square1 [serial_park_minivault_5x5_6], serial_park_square3
          [serial_park_minivault_5x5_4], guppyfry_early_elven_hall
Temple:   dshaligram_water_room_temple

Skill      XL: |  1  2  3  4  5  6  7  8  9 |
---------------+----------------------------+-----
Shields        | 4 5 7 8 |  8.0
Fighting       | 4 5 7 8 |  8.0
Armour         | 4 5 7 8 |  8.0
Maces & Flails | 3 4 |  4.0
Short Blades   | 1 3 4 |  4.8

Action                   |  1- 3 |  4- 6 |  7- 9 || total
-------------------------+-------+-------+-------++-------
Melee: Flail             |   155 |   118 |     7 ||   280
       Dagger            |       |   191 |   164 ||   355
       Whip              |       |       |   146 ||   146
Throw: Dart              |       |       |     1 ||     1
Evoke: Wand              |       |       |     3 ||     3
  Use: Potion            |     2 |       |       ||     2
       Scroll            |       |       |     7 ||     7
Armor: Scale mail        |    92 |   127 |    86 ||   305
       Steam dragon scal |       |       |    50 ||    50
Dodge: Dodged            |    51 |    90 |    91 ||   232
Block: Kite shield       |   110 |   143 |   167 ||   420
